 Dungeon Crawl Stone Soup version 0.26-a0-610-g3e9335bbc7 (webtiles) character file.

Game seed: 93657114201876721

4 Murumi the Skirmisher (level 1, 19/20 HPs)
             Began as a Palentonga Fighter on Sept 3, 2020.
             Quit the game on level 1 of the Dungeon.
             The game lasted 00:02:40 (283 turns).

Murumi the Skirmisher (Palentonga Fighter)           Turns: 283, Time: 00:02:40

Health: 19/20      AC:  6    Str: 19    XL:     1   Next: 58%
Magic:  1/1        EV:  5    Int:  8    God:
Gold:   19         SH:  9    Dex:  9    Spells: 0/0 levels left

rFire    . . .     SeeInvis +   a - +0 flail
rCold    . . .     Faith    .   c - +1 kite shield
rNeg     . . .     Spirit   .   b - +0 scale mail
rPois    .         Reflect  .   (no helmet)
rElec    .         Harm     .   (no cloak)
rCorr    .                      (no gloves)
MR       .....                  (no barding)
Stlth    ..........             (no amulet)
HPRegen  0.06/turn              (no ring)
MPRegen  0.07/turn              (no ring)

@: no status effects
A: large, rugged brown scales 3, see invisible, deformed body, roll, armoured
tail
a: Rolling Charge


You were on level 1 of the Dungeon.
You visited 1 branch of the dungeon, and saw 1 of its levels.

You collected 19 gold pieces.

Inventory:

Hand Weapons
 a - a +0 flail (weapon)
Armour
 b - a +0 scale mail (worn)
 c - a +1 kite shield (worn)
Potions
 d - a potion of might
 e - a potion of flight {unknown}
 f - a potion of curing {unknown}


   Skills:
 - Level 3.0 Fighting
 - Level 2.0 Maces & Flails
 + Level 2.7 Armour
 - Level 2.4 Shields


You couldn't memorise any spells.
You didn't know any spells.
Your spell library was empty.

Dungeon Overview and Level Annotations

Branches:
Dungeon (1/15)

Altars:


Innate Abilities, Weirdness & Mutations

You are completely covered in rugged brown scales. (AC +3, +7% HP)
You have supernaturally acute eyesight. (SInv)
Armour fits poorly on your strangely shaped body.
You can roll at foes to attack.
You have a long armoured tail.


Message History

You block the frilled lizard's attack. You block the bat's attack.
You hit the bat.
You kill the bat!
You block the frilled lizard's attack. x2
You miss the frilled lizard. You block the frilled lizard's attack.
Your scale mail prevents you from hitting the frilled lizard.
You block the frilled lizard's attack.
You closely miss the frilled lizard.
Your tail-slap misses the frilled lizard.
You block the frilled lizard's attack.
The frilled lizard bites you but does no damage.
You miss the frilled lizard.
The frilled lizard bites you but does no damage.
You hit the frilled lizard but do no damage.
You block the frilled lizard's attack.
The frilled lizard bites you but does no damage.
You hit the frilled lizard.
You kill the frilled lizard!
A hobgoblin comes into view. It is wielding a +0 club.
Are you sure you want to abandon this character and quit the game? (Confirm with "yes".)

####...# #####. ###....+
.....# .......# ....#
.......# ...# ......##
..# .....)# #.#
......##########.#######.
......'........†..†.$..g.
......##########@#######.
....### #†# ###.# #.#
..#.# #.# #.#.# #.. #.#.#
### #.#.# #.#.# ..#.#


You could see a hobgoblin.

Vanquished Creatures
  A bat (D:1)
  2 frilled lizards (D:1)
  4 rats (D:1)
7 creatures vanquished.

Notes
Turn   | Place    | Note
-------+----------+-------------------------------------------
     0 | D:1      | Murumi the Palentonga Fighter began the quest for the Orb.
     0 | D:1      | Reached XP level 1. HP: 20/20 MP: 1/1
   283 | D:1      | Quit the game

Illustrated notes

Levels and vault maps discovered:
D:1:      scummos_arrival_hexagon, layout_basic

Action                   || total
-------------------------++-------
Melee: Flail             ||    19
 Abil: Rolling Charge    ||     4
  Use: Scroll            ||     1
Armor: Scale mail        ||     9
Dodge: Dodged            ||     1
Block: Kite shield       ||    13

Table legend: (Time is in decaauts)
 A = Elapsed time spent in this place.
 B = Non-inter-level travel time spent in this place.
 C = Inter-level travel time spent in this place.
 D = Time resting spent in this place.
 E = Time spent auto-exploring this place.
 F = Levels seen in this place.
 G = Mean time per level.
                   A        B        C        D        E       F      G
               +--------+--------+--------+--------+--------+-----+--------+
         Total |    289 |    289 |      0 |      0 |    236 |   1 |  289.0 |
       Dungeon |    289 |    289 |      0 |      0 |    236 |   1 |  289.0 |
               +--------+--------+--------+--------+--------+-----+--------+

Top non-repeatable levels by time:
     D:1: 289 daAuts
